 Dungeon Crawl Stone Soup version 0.31.0-12-g77e489cdc1 (webtiles) character file.

Game seed: 6295277737362886310

28 Gabide the Trooper (level 3, 33/33 HPs)
             Began as a Draconian Chaos Knight on Feb 12, 2024.
             Was a Plaything of Xom.
             Got out of the dungeon alive.
             The game lasted 00:01:17 (788 turns).

Gabide the Trooper (Draconian Chaos Knight)          Turns: 788, Time: 00:01:17

Health: 33/33      AC:  5    Str: 14    XL:     3   Next: 0%
Magic:  3/3        EV: 12    Int: 12    God:    Xom [..*...]
Gold:   27         SH:  0    Dex: 12    Spells: 2/2 levels left

rFire   . . .        a - +0 falchion (chaos)
rCold   . . .        (no shield)
rNeg    . . .        (body armour unavailable)
rPois   .            (helmet restricted)
rElec   .            (no cloak)
rCorr   .            (no gloves)
SInv    .            (no boots)
Will    .....        (no amulet)
Stlth   +            (no ring)
HPRegen 0.25/turn    (no ring)
MPRegen 0.08/turn

%: no passive effects
@: no status effects
A: AC +5, unfitting armour, cold-blooded
a: Renounce Religion


You escaped.
You worshipped Xom.
You were a toy of Xom.
You visited 1 branch of the dungeon, and saw 1 of its levels.

You collected 27 gold pieces.

Inventory:

Hand Weapons
 a - a +0 falchion of chaos (weapon)
 f - a +0 rapier
Scrolls
 b - a scroll of butterflies
 c - a scroll of identify {unknown}
 d - a scroll of enchant armour {unknown}
 e - a scroll of noise {unknown}


   Skills:
 + Level 3.8 Fighting
 + Level 3.4 Long Blades
 + Level 2.6 Dodging


You had 2 spell levels left.
You didn't know any spells.
Your spell library contained the following spells:

 Spells                   Type           Power      Damage    Failure   Level
 Tukima's Dance           Hex            0%         N/A       69%         3
 Passage of Golubria      Tloc           0%         N/A       97%         4
 Yara's Violent Unravell  Hex/Alch       0%         3d3       100%        5


Dungeon Overview and Level Annotations

Branches:
Dungeon (1/15)

Altars:


Innate Abilities, Weirdness & Mutations

Your plain brown scales are hard. (AC +5)
You cannot fit into any form of body armour.
You are cold-blooded and may be slowed by cold attacks.


Message History

No target in view!
No target in view!
No target in view!
No target in view!
No target in view!
No target in view!
No target in view!
No target in view!
No target in view!
You see here a +0 robe.
You almost hear Xom's maniacal laughter.
A monocle briefly appears over your right eye.
There is a staircase leading out of the dungeon here.
You see here a +0 robe.
You open the door.
A ball python and a bat come into view.
Found a spear.
Found an escape hatch in the floor.
There are monsters nearby!
You hit the bat.
You kill the bat!
The ball python hisses angrily.
A ball python is nearby!
There is an open door here.
You closely miss the ball python. The ball python closely misses you.
The ball python grabs you. The ball python constricts you.
You hit the ball python.
The ball python is poisoned.
The ball python is moderately wounded.
The ball python barely misses you. The ball python constricts you.
The ball python barely misses you. The ball python constricts you.
You slash the ball python!
You kill the ball python!
You have reached level 3!
Your experience leads to an increase in your attributes!
Increase (S)trength, (I)ntelligence, or (D)exterity?
You feel agile. x2; Your scales feel tougher.
There is an open door here.
You see here a +0 dagger.
You see here a +0 robe.
There is a staircase leading out of the dungeon here.
You have escaped!

#...#
####...##########......>#
###.#
#..##.###.#...#.#.####... #[#
##.#..#...#.#...#.#...... #.#
#..#.##.###.#####.#.##...
#.###.##.#....#....#..#.##...
#..##......#..#.##....#.##...
##.#########..#..###..#.##...
#.##..#...#.###...##.#.##...
#.###.#....@....#.##.#......
#.###...###.#...#..#.#######
#...###..#..########.#
##....##.#..#......#.#
#..#....#....#.##.#.#######
#######.###.##.#..#........
#...#.#...#..#.###.######
#.#...#.###.##..##.#
#########.[..####..#


There were no monsters in sight!

Vanquished Creatures
  A dart slug (D:1)
  4 ball pythons (D:1)
  4 bats (D:1)
  4 endoplasms (D:1)
  3 giant cockroaches (D:1)
  4 goblins (D:1)
  A hobgoblin (D:1)
  A frilled lizard (D:1)
  2 rats (D:1)
24 creatures vanquished.

Notes
Turn   | Place    | Note
-------+----------+-------------------------------------------
     0 | D:1      | Gabide the Draconian Chaos Knight began the quest for the
                  | Orb.
     0 | D:1      | Reached XP level 1. HP: 19/19 MP: 1/1
   312 | D:1      | Reached XP level 2. HP: 26/26 MP: 2/2
   416 | D:1      | XOM: silly message
   537 | D:1      | Found a faded altar of an unknown god.
   619 | D:1      | XOM: silly message
   742 | D:1      | Reached XP level 3. HP: 32/33 MP: 3/3
   788 | D:$      | Got out of the dungeon alive.

Illustrated notes

Levels and vault maps discovered:
D:1:      psy_arrival_radial01, layout_basic,
          shapermc_ecumenical_altar_mp_vishouse

Action                     || total
---------------------------++-------
  Melee: Falchion          ||    47
         Tailslap          ||     4
         Punch             ||     1
   Stab: Sleeping          ||     1
         Petrified         ||     4
 Armour: Skin              ||    21
  Dodge: Dodged            ||    33
